 Dungeon Crawl Stone Soup version 0.29.1-13-g9f3cf754e1 (webtiles) character file.

Game seed: 11425217941492431428

194 H0rd4k the Charlatan (level 5, -1/36 HPs)
             Began as an Octopode Artificer on Feb 7, 2023.
             Slain by an elf skeleton (2 damage)
             ... on level 5 of the Dungeon.
             The game lasted 00:01:59 (3147 turns).

H0rd4k the Charlatan (Octopode Artificer)           Turns: 3147, Time: 00:02:00

Health: -1/36      AC:  5    Str: 11    XL:     5   Next: 73%
Magic:  8/8        EV: 13    Int: 15    God:
Gold:   158        SH:  0    Dex: 13    Spells: 8/8 levels left

rFire   x . .      SeeInvis .     - Unarmed
rCold   + . .      Faith    .   (no shield)
rNeg    . . .      Spirit   .   (helmet restricted)
rPois   .          Reflect  .   (no amulet)
rElec   .          Harm     .   o - +4 ring of protection
rCorr   .          Rampage  .   p - ring of ice
Will    .....                   (no ring)
Stlth   +++.......              (no ring)
HPRegen 0.12/turn               (no ring)
MPRegen 0.11/turn               (no ring)
                                (no ring)
                                (no ring)

@: no status effects
A: almost no armour, amphibious, 8 rings, camouflage 1, gelatinous body 1,
(nimble swimmer 1), tentacles
a: no special abilities


You were on level 5 of the Dungeon.
You visited 1 branch of the dungeon, and saw 4 of its levels.

You collected 158 gold pieces.

Inventory:

Missiles
 k - 6 atropa-tipped darts
Jewellery
 o - a +4 ring of protection (left tentacle)
 p - a ring of ice (right tentacle)
Wands
 b - a wand of flame (15) (quivered)
 c - a wand of charming (14)
 d - a wand of iceblast (5)
 m - a wand of quicksilver (2)
Scrolls
 a - a scroll of acquirement {unknown}
 e - 2 scrolls of fear {unknown}
 g - 3 scrolls of identify {unknown}
 i - a scroll of butterflies {unknown}
 n - a scroll of enchant weapon {unknown}
Potions
 f - a potion of resistance {unknown}
 h - a potion of curing {unknown}
 j - a potion of lignification {unknown}
 l - a potion of might {unknown}


   Skills:
 * Level 3.1 Fighting
 - Level 2.3 Dodging
 - Level 1.3 Stealth
 + Level 3.1 Unarmed Combat
 * Level 2.3 Spellcasting
 - Level 3.2 Evocations


You had 8 spell levels left.
You didn't know any spells.
Your spell library was empty.

Dungeon Overview and Level Annotations

Branches:
Dungeon (3/15)

Altars:

Portals:
Ossuary: D:5


Innate Abilities, Weirdness & Mutations

You cannot wear most types of armour.
You are amphibious.
You can wear up to eight rings at the same time.
Your skin changes colour to match your surroundings (Stealth+).
Your rubbery body absorbs attacks. (AC +1, EV +1)
((You are camouflaged when in or above water. (Stealth+)))
You have tentacles for arms and can constrict up to eight enemies at once.


Message History

You tentacle-slap the human skeleton but do no damage.
You squeeze the human skeleton!
The human skeleton is heavily damaged.
You constrict the human skeleton. The human skeleton hits you.
You tentacle-slap the human skeleton. x2
The human skeleton is severely damaged.
You constrict the human skeleton. You tentacle-slap the human skeleton.
You squeeze the human skeleton!
The human skeleton is almost destroyed.
You constrict the human skeleton.
You destroy the human skeleton!
Your Unarmed Combat skill increases to level 3!
There is an open door here.
You open the door.
An elf skeleton comes into view.
Found a sand-covered staircase.
You tentacle-slap the elf skeleton but do no damage.
You grab the elf skeleton. You constrict the elf skeleton.
You tentacle-slap the elf skeleton. x2
The elf skeleton is lightly damaged.
You constrict the elf skeleton. The elf skeleton hits you.
You tentacle-slap the elf skeleton. You squeeze the elf skeleton.
The elf skeleton is moderately damaged.
You constrict the elf skeleton. The elf skeleton hits you.
* * * LOW HITPOINT WARNING * * *
You tentacle-slap the elf skeleton.
The elf skeleton is heavily damaged.
You constrict the elf skeleton. The elf skeleton hits you.
* * * LOW HITPOINT WARNING * * *
You tentacle-slap the elf skeleton.
The elf skeleton is severely damaged.
You constrict the elf skeleton. You barely miss the elf skeleton.
The elf skeleton is severely damaged.
You constrict the elf skeleton. The elf skeleton hits you.
* * * LOW HITPOINT WARNING * * *
You tentacle-slap the elf skeleton.
The elf skeleton is severely damaged.
You constrict the elf skeleton. The elf skeleton hits you.
You die...

#......#.#### ######
#........#.# #....#
##..........
#.##'#######....#..#.. ##
###.##.#.#.#Z#....#..#..
##.##...##.#'#'#'#..........
##...#..###.'...'.#....#.#...
#.......#.###...###....####..
###.#.....#.@...+ #...####...
...###...#'#Z#+# #........#.
#.....#...#$#∩# #.....#.##. #
#..[...#########...### .
...?.................#
#........h...#(#....##
##.....>...........##
#...................
.......................


You could see an elf skeleton.

Vanquished Creatures
  An elf zombie (D:5)
  2 human skeletons (D:5)
  2 adders (D:2)
  2 ball pythons
  4 endoplasms (D:1)
  A giant cockroach (D:1)
  9 goblins
  4 hobgoblins
  2 jackals (D:1)
  5 kobolds (D:1)
  3 quokkas
  4 bats (D:1)
  An orc skeleton (D:5)
  3 rats (D:1)
43 creatures vanquished.

Vanquished Creatures (collateral kills)
  An adder (D:5)
  A worm (D:5)
2 creatures vanquished.

Vanquished Creatures (others)
  A hound (D:5)
1 creature vanquished.

Grand Total: 46 creatures vanquished

Notes
Turn   | Place    | Note
-------+----------+-------------------------------------------
     0 | D:1      | H0rd4k the Octopode Artificer began the quest for the Orb.
     0 | D:1      | Reached XP level 1. HP: 13/13 MP: 1/1
    82 | D:1      | Reached XP level 2. HP: 5/19 MP: 2/2
   610 | D:1      | Found a faded altar of an unknown god.
   635 | D:1      | Reached skill level 1 in Spellcasting
   921 | D:1      | Reached XP level 3. HP: 24/24 MP: 4/4
  1102 | D:1      | Reached skill level 1 in Unarmed Combat
  2653 | D:2      | Reached XP level 4. HP: 20/30 MP: 6/6
  2922 | D:3      | You fall into a shaft and drop 2 floors!
  2922 | D:5      | Entered Level 5 of the Dungeon
  2927 | D:5      | Noticed a scorpion
  3001 | D:5      | Reached XP level 5. HP: 6/36 MP: 6/8
  3140 | D:5      | Found a sand-covered staircase.
  3146 | D:5      | HP: 1/36 [elf skeleton (6)]
  3147 | D:5      | Slain by an elf skeleton

Illustrated notes

Levels and vault maps discovered:
D:1:      mrwooster_arrival_statue, layout_loops_ring,
          ebering_ecumenical_altar_sacrificial, minivault_23, st_stairs_3,
          dreamdust_wishing_well, eino_curves_04
D:2:      layout_loops_ring, nicolae_underground_beach
D:3:      layout_basic, chequers_temple_overflow_minitemple
D:5:      lemuel_ratsnest, layout_cave_pools, nicolae_ossuary_entry_catacombs,
          serial_park, serial_park_paths [serial_park_minivault_5x5_6],
          serial_park_square3 [serial_park_minivault_5x5_7], serial_park_tiny_1,
          serial_park_square3 [serial_park_minivault_5x5_4],
          serial_park_tiny_pond

Skill      XL: |  1  2  3  4  5 |
---------------+----------------+-----
Spellcasting   | 1 2 |  2.3
Fighting       | 2 3 |  3.1
Unarmed Combat | 1 2 3 |  3.1
Dodging        | |  2.3
Stealth        | |  1.3
Evocations     | |  3.2

Action                   |  1- 3 |  4- 6 || total
-------------------------+-------+-------++-------
Melee: Unarmed           |    95 |    27 ||   122
       Constrict         |    33 |     6 ||    39
       Tentacles         |    25 |     7 ||    32
       Punch             |     2 |     2 ||     4
Evoke: Wand              |       |     3 ||     3
 Stab: Sleeping          |    12 |     2 ||    14
Armor: Skin              |     8 |     1 ||     9
Dodge: Dodged            |    44 |     7 ||    51
